 Dungeon Crawl Stone Soup version 0.24-a0-378-g94936e539c (webtiles) character file.

Game seed: 10250756361628084751

1549 goulibeur the Covered (level 8, -2/71 HPs)
             Began as a Minotaur Fighter on June 1, 2019.
             Slain by Duvessa
             ... wielding a +0 rapier
              (5 damage)
             ... on level 5 of the Dungeon.
             The game lasted 00:19:15 (4509 turns).

goulibeur the Covered (Minotaur Fighter)            Turns: 4509, Time: 00:19:15

Health: -2/71      AC: 10    Str: 21    XL:     8   Next: 57%
Magic:  7/7        EV: 13    Int:  5    God:
Gold:   270        SH:  7    Dex: 12    Spells: 7/7 levels left

rFire    . . .     SeeInvis .   y - +1 flail (holy)
rCold    . . .     Gourm    .   E - +2 buckler
rNeg     . . .     Faith    .   F - +0 acid dragon scales
rPois    +         Spirit   .   (helmet restricted)
rElec    .         Reflect  .   w - +0 cloak
rCorr    +         Harm     .   (no gloves)
MR       .....                  a - +0 pair of boots
Stlth    +.........             (no amulet)
HPRegen  0.21/turn              i - ring of poison resistance
MPRegen  0.10/turn              (no ring)

@: no status effects
A: retaliatory headbutt, horns 2
a: no special abilities


You were on level 5 of the Dungeon.
You were not hungry.

You visited 1 branch of the dungeon, and saw 7 of its levels.

You collected 270 gold pieces.

Inventory:

Hand Weapons
 y - a +1 flail of holy wrath (weapon)
Missiles
 g - 46 poisoned darts (quivered)
 q - 39 sling bullets
Armour
 a - a +0 pair of boots (worn)
 c - a +0 shield
 t - a +0 chain mail
 w - a +0 cloak (worn)
 E - a +2 buckler (worn)
 F - +0 acid dragon scales (worn)
Jewellery
 i - a ring of poison resistance (left hand)
 D - a +2 ring of dexterity {unknown}
Wands
 b - a wand of scattershot (5)
 r - a wand of polymorph (7)
 x - a wand of iceblast (8)
 z - a wand of disintegration (8)
 B - a wand of acid (11)
Scrolls
 e - 2 scrolls of teleportation {unknown}
 j - 3 scrolls of amnesia
 k - 3 scrolls of remove curse
 m - a scroll of random uselessness
 o - 2 scrolls of enchant weapon {unknown}
 u - a scroll of fog {unknown}
 v - a scroll of magic mapping {unknown}
Potions
 d - 2 potions of might
 h - a potion of resistance
 l - 2 potions of curing {unknown}
 n - 2 potions of mutation {unknown}
 p - 2 potions of agility {unknown}
 s - a potion of brilliance {unknown}
 A - a potion of degeneration {unknown}
Comestibles
 f - 9 rations
 C - 4 chunks of flesh


   Skills:
 + Level 6.4 Fighting
 + Level 5.7 Maces & Flails
 + Level 4.1 Throwing
 + Level 6.4 Armour
 + Level 4.5 Dodging
 + Level 6.3 Shields


You had 7 spell levels left.
You didn't know any spells.
Your spell library contained the following spells:

 Spells                   Type           Power        Failure   Level  Hunger
 Sandblast                Erth           #.....       54%         1    ##.....
 Passwall                 Tmut/Erth      #.......     69%         2    ###....
 Stone Arrow              Conj/Erth      #.....       89%         3    ####...
 Petrify                  Tmut/Erth      #.......     100%        4    #####..
 Lee's Rapid Deconstruct  Erth           #.........   100%        5    ######.


Dungeon Overview and Level Annotations

Branches:
Dungeon (7/15)
 Temple: D:4-7

Altars:
Dithmenos
Nemelex Xobeh
Qazlal
Ru
Uskayaw
Vehumet
Xom

Annotations:
D:5 Duvessa


Innate Abilities, Weirdness & Mutations

You reflexively headbutt those who attack you in melee.
You have a pair of horns on your head.


Message History

Duvessa is heavily wounded.
Duvessa hits you but does no damage.
The giant cockroach bites you but does no damage.
You block Duvessa's attack. You block the giant cockroach's attack.
You hit Duvessa but do no damage.
Duvessa is heavily wounded.
Duvessa completely misses you. You block the giant cockroach's attack.
Duvessa hits you with a +0 rapier!
* * * LOW HITPOINT WARNING * * *
You hit Duvessa. Your headbutt misses Duvessa.
Duvessa is severely wounded.
The giant cockroach bites you.
* * * LOW HITPOINT WARNING * * *
Duvessa hits you with a +0 rapier.
* * * LOW HITPOINT WARNING * * *
You hit Duvessa.
Duvessa is severely wounded.
The giant cockroach bites you but does no damage.
Duvessa hits you with a +0 rapier.
You die...

.# .# .# ### # ... ... .
.### #.. .# .#
#.#######.# .#
#.......###. .#
#)se.≈≈≈≈P≈ ## ###
#@..P≈≈≈P≈ ...
######..PP≈≈PP # #.#
#.......PP≈P≈P ########.#
#........≈≈≈≈P
......##.###........P≈P≈≈
.####..#.#..........≈P≈≈≈
... #......#.......PP≈≈P≈
....#....###........P≈≈P≈
....#..### #.......≈≈≈≈≈≈


You could see Duvessa (berserk) and a giant cockroach.

Vanquished Creatures
  Sigmund (D:2)
  Eustachio (D:5)
  An ogre (D:4)
  2 centaurs
  Dowan (D:5)
  5 scorpions
  A howler monkey (D:7)
  A crimson imp (D:6)
  An orc wizard (D:6)
  Crazy Yiuf (D:2)
  A centaur skeleton (D:4)
  An orc priest (D:4)
  A hound (D:7)
  A bullfrog skeleton (D:4)
  Jessica (D:2)
  Terence (D:3)
  Natasha (twice) (D:3)
  5 worker ants
  A worker ant zombie (D:5)
  3 gnolls (D:3)
  A howler monkey skeleton (D:6)
  4 adders
  5 worms
  2 dart slugs (D:2)
  3 leopard geckos
  14 orcs
  7 bats
  8 giant cockroaches
  12 goblins
  11 hobgoblins
  17 jackals
  2 quokkas (D:2)
  4 ball pythons
  10 frilled lizards
  7 kobolds
  2 leopard gecko skeletons
  A quokka skeleton (D:4)
  14 rats
  A plant (D:5)
157 creatures vanquished.

Notes
Turn   | Place    | Note
-------+----------+-------------------------------------------
     0 | D:1      | goulibeur the Minotaur Fighter began the quest for the Orb.
     0 | D:1      | Reached XP level 1. HP: 19/19 MP: 0/0
   254 | D:1      | Reached XP level 2. HP: 27/27 MP: 1/1
   385 | D:1      | Reached XP level 3. HP: 25/33 MP: 2/2
   504 | D:1      | Reached skill level 1 in Dodging
   980 | D:2      | Noticed Jessica
   989 | D:2      | Reached skill level 1 in Throwing
   991 | D:2      | Killed Jessica
   991 | D:2      | Reached XP level 4. HP: 35/40 MP: 3/3
  1027 | D:2      | Noticed Sigmund
  1056 | D:2      | Killed Sigmund
  1056 | D:2      | Reached XP level 5. HP: 43/47 MP: 4/4
  1166 | D:2      | Found a faded altar of an unknown god.
  1268 | D:2      | Reached XP level 6. HP: 52/53 MP: 5/5
  1720 | D:2      | Found a runed translucent door.
  1721 | D:2      | Noticed Crazy Yiuf
  1727 | D:2      | Killed Crazy Yiuf
  1819 | D:3      | Noticed Terence
  1827 | D:3      | Reached skill level 5 in Armour
  1833 | D:3      | Killed Terence
  1847 | D:3      | Reached skill level 5 in Fighting
  2060 | D:3      | Reached skill level 5 in Shields
  2175 | D:3      | Found a stormy altar of Qazlal.
  2318 | D:3      | Noticed Natasha
  2319 | D:3      | Killed Natasha
  2319 | D:3      | Reached XP level 7. HP: 61/61 MP: 6/6
  2434 | D:3      | Noticed Natasha
  2439 | D:3      | Killed Natasha
  2801 | D:4      | You fall into a shaft and drop 3 floors!
  2927 | D:7      | Reached skill level 5 in Maces & Flails
  2987 | D:6      | Found a shadowy altar of Dithmenos.
  2987 | D:6      | Found a hide-covered altar of Uskayaw.
  2993 | D:6      | Found a sacrificial altar of Ru.
  2995 | D:6      | Found a radiant altar of Vehumet.
  2997 | D:6      | Found a shimmering altar of Xom.
  3034 | D:6      | Reached XP level 8. HP: 70/70 MP: 7/7
  3160 | D:5      | Entered Level 5 of the Dungeon
  4154 | D:5      | Noticed Eustachio
  4169 | D:5      | Killed Eustachio
  4466 | D:5      | Found a sparkling altar of Nemelex Xobeh.
  4489 | D:5      | Noticed Duvessa
  4489 | D:5      | Noticed Dowan
  4494 | D:5      | Killed Dowan
  4508 | D:5      | HP: 3/71 [Duvessa/+0 rapier (4)]
  4509 | D:5      | Slain by Duvessa

Levels and vault maps discovered:
D:1:      nzn_arrival_depleted_hourglass, layout_loops_ring, minmay_pentomino_q4
D:2:      layout_basic, chequers_ecumenical_altar_island,
          corexii_item_surrounded_by_moat, grunt_ministairs_1,
          hangedman_decor_clover_reticule, kennysheep_nondescript, uniq_jessica,
          uniq_crazy_yiuf_cottage, uniq_sigmund
D:3:      layout_basic, nicolae_qazlal_eye_of_the_storm, uniq_natasha,
          uniq_terence
D:4:      layout_cave_pods, serial_park, serial_park_avenue1, first_ration
D:5:      layout_loops_cross, old_standard_altar,
          minmay_temple_entry_nine_rooms, serial_bayou, serial_bayou_lagoon_a,
          serial_bayou_pond_c, serial_bayou_shore_a, serial_bayou_pond_c,
          uniq_eustachio, uniq_duvessa
D:6:      layout_loops_ring, chequers_temple_overflow_minitemple, serial_shops,
          kennysheep_little_box
D:7:      layout_basic

Skill      XL: |  1  2  3  4  5  6  7  8 |
---------------+-------------------------+-----
Armour         | 4 5 6 |  6.4
Dodging        | 1 2 3 4 |  4.5
Fighting       | 4 5 6 |  6.4
Throwing       | 1 2 3 4 |  4.1
Maces & Flails | 3 4 5 |  5.7
Shields        | 4 5 6 |  6.3

Action                   |  1- 3 |  4- 6 |  7- 9 || total
-------------------------+-------+-------+-------++-------
Melee: Flail             |    74 |    89 |   191 ||   354
       Headbutt          |    11 |    22 |    40 ||    73
       Mace              |       |    53 |       ||    53
       Unarmed           |       |       |     6 ||     6
Throw: Dart              |       |     2 |       ||     2
  Use: Scroll            |       |     1 |     4 ||     5
  Eat: Chunk             |       |     5 |     7 ||    12
Armor: Scale mail        |    37 |    13 |       ||    50
       Chain mail        |       |    34 |    56 ||    90
       Acid dragon scale |       |       |    11 ||    11
Dodge: Dodged            |    41 |    48 |    73 ||   162
Block: Shield            |    42 |    78 |    86 ||   206
       Buckler           |       |       |    18 ||    18

Table legend:
 A = Non-vault XP
 B = Vault XP
 C = Vault XP percentage of total XP
 D = Non-vault monster count
 E = Vault monster count
 F = Vault count percentage of total count
                 A         B        C        D         E       F
            +---------+---------+-------+---------+---------+-------
      Total |    1561 |     653 |  29.5 |     143 |      13 |   8.3
            +---------+---------+-------+---------+---------+-------
        D:1 |      60 |       2 |   3.2 |      35 |       2 |   5.4
        D:2 |      85 |     314 |  78.7 |      31 |       7 |  18.4
        D:3 |     260 |      71 |  21.5 |      36 |       2 |   5.3
        D:4 |     521 |       0 |   0.0 |      22 |       0 |   0.0
        D:5 |     134 |     266 |  66.5 |       4 |       2 |  33.3
        D:6 |     189 |       0 |   0.0 |       9 |       0 |   0.0
        D:7 |     312 |       0 |   0.0 |       6 |       0 |   0.0
            +---------+---------+-------+---------+---------+-------
